 Dungeon Crawl Stone Soup version 0.21-a0-156-g77413b7 (webtiles) character file.

62238 Manul the Archer (level 14, -4/108 HPs)
             Began as a Demonspawn Monk on Aug 2, 2017.
             Was an Initiate of Gozag.
             Slain by a deep troll (9 damage)
             ... on level 15 of the Dungeon on Aug 3, 2017.
             The game lasted 00:39:25 (20740 turns).

Manul the Archer (Demonspawn Monk)                 Turns: 20740, Time: 00:39:26

Health: -4/108     AC: 22    Str: 17    XL:     14   Next: 63%
Magic:  15/15      EV: 24    Int: 14    God:    Gozag
Gold:   2752       SH:  0    Dex: 29    Spells: 13/13 levels left

rFire    + . .     SeeInvis .     - Unarmed
rCold    + . .     Gourm    .   (no shield)
rNeg     . . .     Faith    .   R - +3 ring mail {rF+}
rPois    +         Spirit   .   x - +2 helmet of the Bard {Str+3 Int+2}
rElec    .         Reflect  .   q - +2 cloak
rCorr    .         Harm     .   E - +0 pair of gloves {Dex+3}
MR       +....                  (no boots)
Stlth    +++++.....             u - amulet of regeneration
HPRegen  0.68/turn              O - +3 ring of dexterity
MPRegen  0.14/turn              N - ring of stealth

@: agile, gold aura
A: talons 2, slimy green scales 3, cold resistance 1, powered by pain 3
a: Potion Petition, Call Merchant, Bribe Branch, Renounce Religion


You were on level 15 of the Dungeon.
You worshipped Gozag.
Gozag was most pleased with you.
You were not hungry.

You visited 3 branches of the dungeon, and saw 18 of its levels.
You also visited: Sewer, Ossuary, Bailey and Ice Cave.

You collected 5632 gold pieces.
You spent 771 gold pieces at shops.
You paid 2109 gold pieces to Gozag.

Inventory:

Hand Weapons
 a - the +11 shortbow of Fortitude {venom, rF+ rN+ MR+ Int+4}
   (You found it on level 8 of the Dungeon)

   It poisons the ammo it fires.
   It affects your intelligence (+4).
   It protects you from fire.
   It protects you from negative energy.
   It affects your resistance to hostile enchantments.
Missiles
 M - 228 arrows
Armour
 q - a +2 cloak (worn)
 x - the +2 helmet of the Bard (worn) {Str+3 Int+2}
   (You bought it in a shop on level 10 of the Dungeon)

   It affects your strength (+3).
   It affects your intelligence (+2).
 E - a +0 pair of gloves of dexterity (worn)
 R - a +3 ring mail of fire resistance (worn)
Jewellery
 o - an uncursed ring of protection from cold
 u - an amulet of regeneration (around neck)
 N - a ring of stealth (right hand)
 O - a +3 ring of dexterity (left hand)
 Q - a cursed amulet of inaccuracy {unknown}
 U - an uncursed amulet of guardian spirit {unknown}
 V - an uncursed amulet of faith {unknown}
Wands
 e - a wand of iceblast (4/15)
 n - a wand of acid (8/15)
 v - a wand of polymorph (16/24)
 y - a wand of acid (6/15)
 F - a wand of acid (7/15)
 H - a wand of acid (3/15)
 S - a wand of digging (18/24)
Scrolls
 c - 3 scrolls of blinking
 d - a scroll of vulnerability {unknown}
 f - 6 scrolls of enchant armour
 h - 2 scrolls of teleportation
 j - 12 scrolls of remove curse
 p - 4 scrolls of recharging
 s - a scroll of fog
 B - a scroll of immolation {unknown}
 C - a scroll of brand weapon {unknown}
 D - a scroll of magic mapping
 I - 9 scrolls of identify
 K - 2 scrolls of acquirement
 T - a scroll of random uselessness {unknown}
Potions
 k - 2 potions of agility
 m - 3 potions of haste
 t - 2 potions of mutation {unknown}
 w - 5 potions of curing
 z - 5 potions of flight
 A - a potion of berserk rage
 G - 2 potions of heal wounds
 J - 3 potions of magic
 L - 4 potions of lignification
 P - a potion of ambrosia {unknown}
 X - a potion of might
 Z - a potion of invisibility {unknown}
Miscellaneous
 l - a phantom mirror
Comestibles
 b - 2 bread rations
 g - 6 meat rations
 i - 6 royal jellies
 r - 21 fruits


   Skills:
 + Level 9.6 Fighting
 - Level 14.6 Bows
 - Level 1.0 Throwing
 + Level 9.0 Armour
 + Level 8.5 Dodging
 - Level 4.6 Stealth
 + Level 14.1 Unarmed Combat
 + Level 2.6 Evocations


You had 13 spell levels left.
You didn't know any spells.

Dungeon Overview and Level Annotations

Branches:
Dungeon (15/15)            Temple (1/1) D:6            Lair (0/6) D:9
    Orc (2/2) D:10            Elf (0/3) Orc:2        Vaults (0/5) D:14
 Depths: D:15

Altars:
Ashenzari
Cheibriados
Dithmenos
Elyvilon
Fedhas
Gozag
Hepliaklqana
Kikubaaqudgha
Makhleb
Nemelex Xobeh
Okawaru
Qazlal
Ru
Sif Muna
Trog
Uskayaw
Vehumet
Wu Jian
Xom
Yredelemnul
Zin
The Shining One

Shops:
D:6 *   D:10 [=?   D:11 =   D:13 *   Orc:2 (:?%

Portals:
Pandemonium: Orc:2
Trove: D:12 (give 7 scrolls of blinking)

Annotations:
D:14 exclusion: Roxanne, Roxanne
Orc:2 exclusion: oklob plant


Innate Abilities, Weirdness & Mutations

You have razor-sharp toenails.
You are completely covered in slimy green scales. (AC +4, rPois)
Your flesh is cold resistant. (rC+)
You are powered by pain.


Message History

The yaktaur captain hits you but does no damage.
You pummel the yaktaur captain!!
You kill the yaktaur captain!
Your Armour skill increases to level 9!
The two-headed ogre is no longer distracted by gold.
The deep troll closely misses you. The deep troll claws you!
The deep troll barely misses you.
You pummel the deep troll!!
The deep troll is moderately wounded.
The deep troll bites you!
* * * LOW HITPOINT WARNING * * *
You focus on the pain.
You feel agile all of a sudden. The deep troll claws you!
* * * LOW HITPOINT WARNING * * *
You focus on the pain.
You feel more agile all of a sudden. The deep troll claws you!
You die...
Your body crumbles into a pile of gold.

# ...#(###### #
#.#......# # .
#........# #
..######...(...# #
.......(.......# #
............$..## #
.....O.........≈# #
.....§T$#(....≈....
..#####@#c.....≈.≈.
#$#(....≈....
#(###.#..≈### #.#
#.##... #.# .. ...
#.. ... .. ### ...


You could see a two-headed ogre and a deep troll.

Vanquished Creatures
  Kirke (D:13)
  Nessos (D:15)
  Snorg (D:12)
  An ettin (Orc:1)
  Josephine (Orc:2)
  Erolcha (D:11)
  A yaktaur captain (D:15)
  A hydra (D:14)
  A catoblepas (D:14)
  3 centaur warriors (D:14)
  8 two-headed ogres
  3 tengu warriors
  The ghost of casual the Nimble, a novice DsTm of Cheibriados (Bailey)
  4 orc high priests (Orc:2)
  4 skeletal warriors (D:14)
  2 unseen horrors
  2 gelid demonspawn (Orc:2)
  An infernal demonspawn (Orc:2)
  Pikel (D:7)
  6 orc knights
  A deep elf mage (D:6)
  9 orc sorcerers
  8 ugly things
  A manticore (D:14)
  6 cyclopes
  The ghost of afd the Shield-Bearer, a novice VSFi of Gozag (D:7)
  An orange demon (Orc:2)
  3 ice statues
  A gargoyle (D:13)
  A kobold demonologist (Bailey)
  A freezing wraith (D:14)
  An ice devil (Orc:2)
  2 tengu conjurers
  5 trolls
  A hornet (D:14)
  A polar bear (shapeshifter) (D:14)
  5 hippogriffs
  A shadow (D:15)
  3 water elementals (D:13)
  A spriggan (D:8)
  9 wraiths
  A hog (D:12)
  20 yaks
  2 vampires
  2 wyverns
  A hungry ghost (D:9)
  A basilisk (shapeshifter) (D:15)
  A human (D:13)
  Grum (D:9)
  A chaos spawn (Orc:2)
  3 vampire mosquitoes (D:14)
  3 acid dragons
  A water moccasin (D:8)
  2 hell hounds (D:9)
  6 phantoms
  A sky beast (D:15)
  21 ice beasts
  4 black bears
  2 hornet zombies
  39 orc warriors
  An eye of draining (D:10)
  7 ogres
  A necrophage (D:6)
  2 wolves (D:9)
  7 centaurs
  A crocodile (D:7)
  2 gnoll sergeants
  7 bullfrogs
  A water moccasin zombie (D:9)
  2 scorpions
  3 killer bees (D:7)
  3 wights (D:13)
  A howler monkey (D:11)
  5 electric eels
  8 crimson imps
  A bullfrog zombie (D:13)
  A quasit (D:11)
  4 centaur zombies
  A jelly (D:13)
  Crazy Yiuf (D:5)
  23 orc priests
  3 bullfrog skeletons
  5 hounds
  7 iguanas
  13 orc wizards
  Natasha (thrice) (D:3)
  9 worker ants
  A hound zombie (D:11)
  A mummy (Ossuary)
  A worker ant zombie (D:11)
  20 gnolls
  14 adders
  A howler monkey skeleton (D:4)
  2 shadow imps
  An ooze (D:7)
  2 adder skeletons
  5 worms
  A dart slug (D:2)
  12 leopard geckos
  68 orcs
  5 ball pythons
  8 giant cockroaches
  14 goblins
  12 hobgoblins
  11 jackals
  8 kobolds
  6 quokkas
  10 bats
  14 frilled lizards
  3 gnoll skeletons (Ossuary)
  A jackal skeleton (D:5)
  6 kobold skeletons (Ossuary)
  16 orc skeletons (Ossuary)
  A quokka skeleton (D:4)
  A quokka zombie (D:6)
  6 rats
591 creatures vanquished.

Vanquished Creatures (others)
  3 slaves (D:7)
  An electric eel (D:13)
  A quasit (D:7)
  3 gnolls (D:7)
  A quokka (D:7)
  2 plants (D:9)
11 creatures vanquished.

Grand Total: 602 creatures vanquished

Notes
Turn   | Place    | Note
-------+----------+-------------------------------------------
     0 | D:1      | Manul the Demonspawn Monk began the quest for the Orb.
     0 | D:1      | Reached XP level 1. HP: 18/18 MP: 1/1
   484 | D:1      | Gained mutation: You have sharp toenails. [demonic ancestry]
   484 | D:1      | Reached XP level 2. HP: 21/24 MP: 2/2
   971 | D:2      | Gained mutation: You are partially covered in slimy green scales. (AC +2) [demonic ancestry]
   971 | D:2      | Reached XP level 3. HP: 27/29 MP: 3/3
  1094 | D:3      | Found a deep blue altar of Sif Muna.
  1099 | D:3      | Noticed Natasha
  1152 | D:3      | Killed Natasha
  1152 | D:3      | Reached skill level 1 in Armour
  1152 | D:3      | Reached XP level 4. HP: 7/35 MP: 4/4
  1626 | D:3      | Noticed Natasha
  1636 | D:3      | Killed Natasha
  1993 | D:3      | Noticed Natasha
  2003 | D:3      | Killed Natasha
  2003 | D:3      | Gained mutation: Your flesh is cold resistant. (rC+) [demonic ancestry]
  2003 | D:3      | Reached XP level 5. HP: 23/41 MP: 5/5
  2565 | D:4      | Identified the Handbook of Stones
  2656 | D:4      | Gained mutation: You are mostly covered in slimy green scales. (AC +3) [demonic ancestry]
  2656 | D:4      | Reached XP level 6. HP: 40/47 MP: 6/6
  2915 | D:5      | Entered Level 5 of the Dungeon
  2971 | D:5      | Found a glowing drain.
  2981 | Sewer    | Entered a sewer
  3083 | Sewer    | Reached skill level 5 in Unarmed Combat
  3286 | Sewer    | Reached XP level 7. HP: 40/52 MP: 7/7
  4257 | D:6      | Found a staircase to the Ecumenical Temple.
  4266 | Temple   | Entered the Ecumenical Temple
  4431 | Temple   | Became a worshipper of Gozag Ym Sagoz the Greedy
  4967 | D:3      | Found a blossoming altar of Fedhas.
  5032 | D:3      | Found a shimmering altar of Xom.
  5132 | D:2      | Found a basalt altar of Yredelemnul.
  5132 | D:2      | Found a bloodstained altar of Trog.
  5232 | D:2      | Gained mutation: You have razor-sharp toenails. [demonic ancestry]
  5232 | D:2      | Reached XP level 8. HP: 53/59 MP: 8/8
  5380 | D:2      | Found an iron altar of Okawaru.
  5526 | D:2      | Found a faded altar of an unknown god.
  6051 | D:5      | Found a runed door.
  6475 | D:5      | Noticed Crazy Yiuf
  6487 | D:5      | Killed Crazy Yiuf
  6661 | D:6      | Found a glowing golden altar of the Shining One.
  6980 | D:6      | Reached skill level 5 in Armour
  7132 | D:6      | Found an ornate altar of the Wu Jian Council.
  7173 | D:6      | Noticed a deep elf mage
  7189 | D:6      | Killed a deep elf mage
  7189 | D:6      | Gained mutation: You sometimes gain a little power by taking damage. [demonic ancestry]
  7189 | D:6      | Reached XP level 9. HP: 41/65 MP: 9/9
  7541 | D:8      | Reached skill level 5 in Dodging
  7657 | D:8      | Noticed a two-headed ogre
  7675 | D:8      | Killed a two-headed ogre
  7675 | D:8      | Reached skill level 1 in Evocations
  7692 | D:8      | Noticed a two-headed ogre
  7757 | D:8      | Killed a two-headed ogre
  7758 | D:8      | Reached XP level 10. HP: 71/71 MP: 11/11
  7923 | D:8      | Got an ebony shortbow
  7924 | D:8      | Identified the +11 shortbow of Fortitude {venom, rF+ rN+ MR+ Int+4} (You found it on level 8 of the Dungeon)
  7941 | D:8      | Found a sand-covered staircase.
  7946 | Ossuary  | Entered an ossuary
  8143 | Ossuary  | Reached skill level 1 in Throwing
  8365 | D:7      | Noticed Pikel
  8373 | D:7      | Killed Pikel
  8394 | D:7      | Reached skill level 10 in Unarmed Combat
  8486 | D:7      | Noticed afd's ghost (novice VSFi)
  8500 | D:7      | Killed afd's ghost
  8500 | D:7      | Reached skill level 1 in Bows
  8839 | D:6      | Bought a scroll of identify for 32 gold pieces
  8839 | D:6      | Bought a scroll of identify for 32 gold pieces
  9304 | D:9      | Noticed a two-headed ogre
  9319 | D:9      | Killed a two-headed ogre
  9474 | D:9      | Found a flagged portal.
  9484 | Bailey   | Entered a bailey
  9535 | Bailey   | Found an iron altar of Okawaru.
  9535 | Bailey   | Noticed an orc sorcerer
  9544 | Bailey   | Noticed a rust devil
  9548 | Bailey   | Killed an orc sorcerer
  9565 | Bailey   | Gained mutation: You sometimes gain power by taking damage. [demonic ancestry]
  9565 | Bailey   | Reached XP level 11. HP: 77/77 MP: 12/12
  9843 | Bailey   | Noticed casual's ghost (novice DsTm)
  9879 | Bailey   | Killed casual's ghost
 10009 | Bailey   | Noticed an orc knight
 10041 | Bailey   | Killed an orc knight
 10302 | Bailey   | Noticed an orc knight
 10320 | Bailey   | Killed an orc knight
 10612 | D:9      | Reached skill level 5 in Bows
 11063 | D:9      | Found a staircase to the Lair.
 11069 | D:9      | Noticed Grum
 11083 | D:9      | Killed Grum
 11502 | D:9      | Noticed a two-headed ogre
 11516 | D:9      | Killed a two-headed ogre
 11732 | D:10     | Entered Level 10 of the Dungeon
 12143 | D:10     | Found Sutsaplib's Magic Scroll Emporium.
 12159 | D:10     | Bought a scroll of teleportation for 51 gold pieces
 12159 | D:10     | Bought a scroll of magic mapping for 59 gold pieces
 12578 | D:10     | Found a staircase to the Orcish Mines.
 12906 | D:10     | Gained mutation: You are powered by pain. [demonic ancestry]
 12906 | D:10     | Reached XP level 12. HP: 85/85 MP: 13/13
 13373 | D:11     | Found Atihoski's Jewellery Emporium.
 13781 | D:11     | Noticed Erolcha
 13800 | D:11     | Reached skill level 5 in Fighting
 13802 | D:11     | Killed Erolcha
 14256 | D:12     | You fall through a shaft!
 14345 | D:12     | Found a frozen archway.
 14392 | D:12     | Reached skill level 10 in Bows
 14426 | IceCv    | Entered an ice cave
 14758 | IceCv    | Found a transporter.
 15094 | D:12     | Noticed Snorg
 15140 | D:12     | Killed Snorg
 15404 | D:12     | Found a portal to a secret trove of treasure.
 15487 | D:13     | Noticed Kirke
 15562 | Orc:1    | Entered Level 1 of the Orcish Mines
 15562 | Orc:1    | Noticed a two-headed ogre
 15572 | Orc:1    | Killed a two-headed ogre
 15874 | Orc:2    | Entered Level 2 of the Orcish Mines
 16082 | Orc:2    | Gained mutation: You are completely covered in slimy green scales. (AC +4, rPois) [demonic ancestry]
 16082 | Orc:2    | Reached XP level 13. HP: 93/93 MP: 14/14
 16093 | Orc:2    | Found Ciemmeedghi's Magic Scroll Shop.
 16104 | Orc:2    | Found Xicul's Food Boutique.
 16161 | Orc:2    | Bought a scroll of magic mapping for 52 gold pieces
 16161 | Orc:2    | Bought a scroll of teleportation for 45 gold pieces
 16287 | Orc:2    | Found a staircase to the Elven Halls.
 16918 | Orc:2    | Paralysed by an orc sorcerer for 7 turns
 17256 | Orc:2    | Found Kufoichu's Book Shoppe.
 17256 | Orc:2    | Found Ochiucer's Antique Weapon Emporium.
 17288 | Orc:2    | Found a one-way gate leading to the halls of Pandemonium.
 17353 | Orc:2    | Noticed Josephine
 17368 | Orc:2    | Killed Josephine
 17910 | Orc:1    | Noticed an ettin
 17920 | Orc:1    | Killed an ettin
 17921 | Orc:1    | Paralysed by an orc sorcerer for 6 turns
 18178 | D:10     | Bought a shimmering helmet for 266 gold pieces
 18178 | D:10     | Bought a pair of embroidered gloves for 210 gold pieces
 18188 | D:10     | Identified the +2 helmet of the Bard {Str+3 Int+2} (You bought it in a shop on level 10 of the Dungeon)
 18371 | D:13     | Killed Kirke
 18919 | D:13     | Reached XP level 14. HP: 104/104 MP: 15/15
 18951 | D:13     | Found Cate's General Store.
 18960 | D:13     | Bought a scroll of identify for 24 gold pieces
 19204 | D:14     | Upgraded the game from 0.21-a0-153-g78480df to 0.21-a0-156-g77413b7
 19238 | D:14     | Noticed Roxanne
 19964 | D:14     | Found a gate to the Vaults.
 20394 | D:15     | Entered Level 15 of the Dungeon
 20410 | D:15     | Noticed Nessos
 20428 | D:15     | Killed Nessos
 20740 | D:15     | HP: 5/108 [deep troll (16)]
 20740 | D:15     | Slain by a deep troll

Vault maps used:
D:1:      co_arrival_hexagon_in_a_hexagon
D:2:      gammafunk_temple_overflow_elements, chequers_ecumenical_altar_lobes,
          okawaru_trees_2
D:3:      lemuel_coloured_pillars_altar, overflow_temple_1_default,
          fedhas_altar_4, uniq_natasha
D:4:      kennysheep_six_static_rooms, first_bread
D:5:      cheibrodos_sewer_entry_sluice, hangedman_decor_diamond_cutter,
          uniq_crazy_yiuf_cottage
D:6:      nicolae_tso_swordbearing_angel, kennysheep_mini_moat,
          minmay_temple_entry_mist, nicolae_zen_rock_garden,
          guppyfry_early_elven_hall
D:7:      uniq_pikel
D:8:      nicolae_ossuary_entry_plus, the_bakery, minmay_holes
D:9:      minmay_lair_entry_lava, enter_bailey_2, kennysheep_boxes, uniq_grum
D:10:     minmay_statue_hallways, david_orc_3, serial_shops, shop,
          minmay_misc_feat_nine_boxes
D:11:     serial_shops, nicolae_shop_crystal, kennysheep_generic_room_12,
          uniq_erolcha
D:12:     portal_ice_cave_entry_ice_beasts, nicolae_trove_entry_columns,
          uniq_snorg
D:13:     serial_shops, shop, uniq_kirke
D:14:     david_vaults_1, kennysheep_decorative_pillar, uniq_roxanne
D:15:     hangedman_depths_entry_civil_slaughter, nicolae_ru_path_of_blood,
          uniq_nessos
Temple:   regret_index_temple_sphere_string
Orc:2:    pf_orc_diabolical, mines3_lemuel, uniq_josephine
Sewer:    sewer_frog_island_01
Ossuary:  ossuary_due_mausoleum
Bailey:   bailey_axe_of_yendor_kennysheep, bailey
IceCv:    ice_cave_statue_garden_teleport

Skill      XL: |  1  2  3  4  5  6  7  8  9 10 11 12 13 14 |
---------------+-------------------------------------------+-----
Dodging        | 3 4 5 6 7 8 |  8.5
Unarmed Combat | 3 4 5 6 7 9 11 12 13 14 | 14.1
Armour         | 1 2 3 4 5 6 7 8 9 |  9.0
Stealth        | 2 3 4 |  4.6
Fighting       | 4 5 7 9 |  9.6
Evocations     | 2 |  2.6
Throwing       | 1 |  1.0
Bows           | 3 6 11 14 | 14.6

Action                   |  1- 3 |  4- 6 |  7- 9 | 10-12 | 13-15 || total
-------------------------+-------+-------+-------+-------+-------++-------
Melee: Unarmed           |   119 |   279 |   363 |   850 |   236 ||  1847
       Kick              |    23 |    75 |    92 |   332 |    96 ||   618
       Punch             |     2 |     5 |    14 |    73 |    23 ||   117
 Fire: Shortbow          |       |       |       |   264 |   562 ||   826
Throw: Throwing net      |       |       |     3 |     1 |       ||     4
Invok: Call Merchant     |       |       |       |     1 |     2 ||     3
Evoke: Wand              |       |       |    13 |     5 |       ||    18
  Use: Potion            |     2 |       |     1 |     7 |     1 ||    11
       Scroll            |     2 |     3 |     4 |    19 |     1 ||    29
 Stab: Sleeping          |       |     1 |     4 |     6 |       ||    11
       Distracted        |       |       |     1 |     6 |       ||     7
       Held in net/web   |       |       |     1 |       |       ||     1
  Eat: Chunk             |     1 |     7 |     3 |     1 |       ||    12
       Bread ration      |       |       |     3 |     6 |     4 ||    13
       Fruit             |       |       |     1 |       |       ||     1
Armor: Ring mail         |    33 |   124 |   151 |   352 |   176 ||   836
Dodge: Dodged            |    64 |   196 |   212 |   630 |   274 ||  1376
